 Dungeon Crawl Stone Soup version 0.28.0-43-g3370ac3207 (webtiles) character file.

Game seed: 11020200196201950898

844 Nadira the Magician (level 8, 0/52 HPs)
             Began as a Djinni Fire Elementalist on Mar 15, 2022.
             Was a Priest of Nemelex Xobeh.
             Slain by a wyvern (18 damage)
             ... on level 5 of the Dungeon.
             The game lasted 00:32:24 (4662 turns).

Nadira the Magician (Djinni Fire Elementalist)      Turns: 4662, Time: 00:32:24

Health: 0/52       AC:  4    Str:  7    XL:     8   Next: 20%
Gold:   229        EV: 12    Int: 18    God:    Nemelex Xobeh [***...] SH:  0 Dex: 15

rFire   + + .      SeeInvis .   i - +0 hunting sling
rCold   x . .      Faith    .   (no shield)
rNeg    . . .      Spirit   .   e - +0 troll leather armour
rPois   ∞          Reflect  .   (no helmet)
rElec   .          Harm     +   a - scarf {harm}
rCorr   .          Rampage  .   (no gloves)
Will    .....                   (boots unavailable)
Stlth   ++........              (no amulet)
HPRegen 0.97/turn               j - ring of wizardry
MPRegen 0.00/turn               (no ring)

@: flying
A: sickness immunity, fire resistance 2, cold vulnerability 1, float, innate
caster, HP casting, extra vitality 1
a: Renounce Religion, Draw Escape, Draw Destruction, Draw Summoning, Triple Draw


You were on level 5 of the Dungeon.
You worshipped Nemelex Xobeh.
Nemelex Xobeh was most pleased with you.
You visited 1 branch of the dungeon, and saw 5 of its levels.

You collected 229 gold pieces.

Inventory:

Hand Weapons
 g - a +0 vorpal hand axe
 i - a +0 hunting sling (weapon)
 n - the +2 battleaxe of Kismet {vorpal, rF+ rC++}
   (You found it on level 5 of the Dungeon)

   It inflicts extra damage upon your enemies.
   rF:        It protects you from fire.
   rC:        It greatly protects you from cold.
Missiles
 b - 4 boomerangs
 d - 18 sling bullets (quivered ammo)
Armour
 a - a scarf of harm (worn)
 e - a +0 troll leather armour (worn)
Jewellery
 j - a ring of wizardry (left hand)
 q - a ring of wizardry
Wands
 k - a wand of flame (15)
Scrolls
 l - a scroll of holy word
Potions
 c - 2 potions of lignification
 f - a potion of heal wounds {unknown}
 h - a potion of invisibility
 m - 2 potions of curing
 o - a potion of resistance {unknown}
 p - a potion of flight {unknown}


   Skills:
 * Level 1.3 Fighting
 * Level 0.4 Axes
 * Level 3.2(3.3) Slings
 * Level 0.4(2.0) Throwing
 * Level 1.8 Armour
 * Level 3.8 Dodging
 * Level 2.8 Stealth
 * Level 4.5 Spellcasting
 * Level 1.9 Invocations
 * Level 0.6 Evocations


You couldn't memorise any spells.
You knew the following spells:

 Your Spells              Type           Power      Damage    Failure   Level
a - Foxfire               Conj/Fire      80%        2x1d8     1%          1
b - Scorch                Fire           40%        2d7       1%          2
c - Conjure Flame         Conj/Fire      20%        6-21      4%          3
d - Inner Flame           Hex/Fire       20%        N/A       4%          3
e - Flame Wave            Conj/Fire      20%        2d7       13%         4
f - Summon Small Mammal   Summ           80%        N/A       1%          1
g - Blink                 Tloc           40%        N/A       1%          2
h - Call Imp              Summ           20%        N/A       1%          2
Your spell library was empty.

Dungeon Overview and Level Annotations

Branches:
Dungeon (5/15)             Temple (0/1) D:4

Altars:
Nemelex Xobeh


Innate Abilities, Weirdness & Mutations

You are immune to sickness and miasma.
You are immune to poison.
Your flesh is very heat resistant. (rF++)
You are vulnerable to cold. (rC-)
You float through the air rather than walking.
You learn spells naturally, not from books.
Your magical power is your life essence.
You have superior vitality. (+4 MHP)


Message History

The orc is heavily wounded.
The flame wave engulfs the hound!!
The hound is burned terribly!
You kill the hound! (Press . to intensify the flame waves.)
You hear a shout!
The orc misses you.
A wave of flame ripples out!
The flame wave engulfs the orc but does no damage.
The orc is heavily wounded.
You hear a shout!
An iguana comes into view.
The orc barely misses you.
A wave of flame ripples out!
The flame wave engulfs the orc.
The orc is severely wounded.
The flame wave engulfs the iguana!
The iguana is heavily wounded.
You hear an angry hiss.
You finish channelling waves of flame.
A wyvern comes into view.
The iguana bites you! The orc closely misses you.
The wyvern moves out of view.
Casting: Flame Wave (quite dangerous; 13% risk of failure)
Confirm with . or Enter, or press ? or * to list all spells.
The spell is quite dangerous to miscast (13% risk of failure)!
Continue anyway?
Casting: Flame Wave (quite dangerous; 13% risk of failure)
Press: ? - help, Dir - look around, f - activate A wave of flame ripples out!
The flame wave engulfs the orc.
You kill the orc!
The flame wave engulfs the iguana!
You kill the iguana! (Press . to intensify the flame waves.)
A wave of flame ripples out!
The flame wave engulfs the wyvern.
The wyvern is heavily wounded.
The wyvern closely misses you. The wyvern bites you!
A wave of flame ripples out!
The flame wave engulfs the wyvern.
The wyvern is severely wounded.
You finish channelling waves of flame.
The wyvern closely misses you.
You draw a card...
You have drawn the Cloud.
Clouds appear around you! The wyvern bites you!
You die...
Your body disappears without a glow.

.###### #.#
####.##.#.#
......# ####
#......#
......# ...#
#.##.###
####### #..#
#<##.# #[.#
####.#
#..##....#
#.§#.####
##### ##l§.#
#...# #@§###
#.### #)†##
#.# #..#( #.#
#..# ## #.#
...# #.# ####
###.########.#
.........>...#
##############


You could see a wyvern.

Vanquished Creatures
  Blork the orc (D:4)
  2 hounds (D:5)
  A bullfrog zombie (D:5)
  A bullfrog skeleton (D:5)
  An iron imp (D:4)
  Jessica (D:3)
  3 iguanas
  2 orc wizards
  A hound skeleton (D:5)
  3 gnolls (D:4)
  4 adders
  A shadow imp (D:5)
  3 dart slugs
  12 orcs
  2 bats
  6 endoplasms
  5 giant cockroaches
  11 goblins
  7 hobgoblins
  7 jackals
  3 quokkas
  A ball python (D:3)
  2 frilled lizards
  8 kobolds
  4 rats
92 creatures vanquished.

Vanquished Creatures (collateral kills)
  Sigmund (D:4)
  A fire bat (D:4)
  2 orcs (D:4)
  2 foxfires (D:1)
6 creatures vanquished.

Vanquished Creatures (others)
  26 foxfires
  2 fungi (D:1)
28 creatures vanquished.

Grand Total: 126 creatures vanquished

Notes
Turn   | Place    | Note
-------+----------+-------------------------------------------
     0 | D:1      | Nadira the Djinni Fire Elementalist began the quest for the
                  | Orb.
     0 | D:1      | Reached XP level 1. HP: 15/15 MP: 0/0
   199 | D:1      | Reached XP level 2. HP: 20/21 MP: 0/0
   723 | D:1      | Found a faded altar of an unknown god.
   727 | D:1      | Prayed at the altar of an unknown god.
   727 | D:1      | Became a worshipper of Nemelex Xobeh the Trickster
   727 | D:1      | Reached * piety under Nemelex Xobeh
  1099 | D:1      | Reached XP level 3. HP: 13/25 MP: 0/0
  1099 | D:1      | Learned a level 1 spell: Summon Small Mammal
  1307 | D:2      | Reached skill level 3 in Spellcasting
  1605 | D:2      | Received a gift from Nemelex Xobeh
  1694 | D:2      | Reached XP level 4. HP: 13/31 MP: 0/0
  2298 | D:3      | Reached ** piety under Nemelex Xobeh
  2335 | D:3      | Reached skill level 1 in Armour
  2365 | D:3      | Noticed Jessica
  2372 | D:3      | Killed Jessica
  2383 | D:3      | Reached XP level 5. HP: 35/35 MP: 0/0
  2383 | D:3      | Learned a level 2 spell: Blink
  2904 | D:4      | Noticed Grinder
  2908 | D:4      | Paralysed by Grinder for 7 turns
  2915 | D:4      | Noticed a fire bat
  2915 | D:4      | a worm changed into a fire bat
  2915 | D:4      | Noticed Grinder
  2915 | D:4      | Grinder changed into Grinder the iron imp
  2949 | D:4      | Killed Grinder the iron imp
  2966 | D:4      | Killed a fire bat
  2967 | D:4      | Reached skill level 1 in Slings
  2967 | D:4      | Reached skill level 4 in Spellcasting
  2967 | D:4      | Reached skill level 1 in Invocations
  2967 | D:4      | Reached XP level 6. HP: 23/41 MP: 0/0
  3142 | D:4      | Noticed Blork the orc
  3504 | D:4      | Reached XP level 7. HP: 17/46 MP: 0/0
  3504 | D:4      | Learned a level 2 spell: Call Imp
  3510 | D:4      | Noticed Sigmund
  3535 | D:4      | Killed Sigmund
  3536 | D:4      | Reached skill level 1 in Fighting
  3562 | D:4      | Found a staircase to the Ecumenical Temple.
  3620 | D:4      | Reached *** piety under Nemelex Xobeh
  3753 | D:4      | Killed Blork the orc
  3900 | D:5      | Entered Level 5 of the Dungeon
  4138 | D:5      | Identified the +2 battleaxe of Kismet {vorpal, rF+ rC++}
  4208 | D:5      | Reached XP level 8. HP: 39/52 MP: 0/0
  4658 | D:5      | Noticed a wyvern
  4662 | D:5      | Slain by a wyvern

Illustrated notes

Levels and vault maps discovered:
D:1:      lemuel_arrival_muddy, layout_basic,
          hellmonk_ecumenical_altar_heavens_door
D:2:      layout_basic
D:3:      layout_basic, uniq_jessica
D:4:      layout_rooms, minmay_temple_entry_junction_2, serial_co_window_serial,
          co_window_paths_a, co_window_paths_a, co_window_of_opportunity_a,
          co_window_of_opportunity_a, co_window_paths_b, co_window_2corner,
          co_window_cross_2, co_window_cross_3, co_window_4corner_a,
          co_window_paths_d, uniq_sigmund, uniq_blork_the_orc, uniq_grinder
D:5:      minmay_diamond_boxcup, layout_loops_ring, kennysheep_cluttered_room

Skill      XL: |  1  2  3  4  5  6  7 |
---------------+----------------------+-----
Spellcasting   | 3 4 |  4.5
Stealth        | 2 |  2.8
Armour         | 1 |  1.8
Slings         | 1 3 |  3.2
Dodging        | 3 |  3.8
Invocations    | 1 |  1.9
Fighting       | 1 |  1.3
Axes           | |  0.4
Throwing       | |  0.4
Evocations     | |  0.6

Action                   |  1- 3 |  4- 6 |  7- 9 || total
-------------------------+-------+-------+-------++-------
Melee: Unarmed           |     1 |       |       ||     1
 Fire: Hunting sling     |       |    62 |    41 ||   103
 Cast: Foxfire           |    16 |       |       ||    16
       Scorch            |    32 |    25 |    12 ||    69
       Summon Small Mamm |       |     1 |       ||     1
       Flame Wave        |       |     2 |     5 ||     7
       Call Imp          |       |       |     3 ||     3
Invok: Draw Destruction  |       |     5 |       ||     5
       Draw Summoning    |       |     1 |       ||     1
       Draw Escape       |       |     1 |     1 ||     2
Evoke: Wand              |       |     1 |       ||     1
  Use: Scroll            |     5 |     5 |     1 ||    11
       Potion            |       |     2 |       ||     2
Armor: Robe              |    15 |       |       ||    15
       Troll leather arm |    12 |    11 |     5 ||    28
Dodge: Dodged            |    52 |    36 |    21 ||   109
